[Event "Titled Tuesday Blitz May 4 2021"]
[White "Serikbay, Assel"]
[Black "Fajdetic, Hrvoje"]
[WhiteFideId "13706799"]
[BlackFideId "14501945"]
[WhiteElo "2044"]
[BlackElo "2153"]
[Result "0-1"]
[Round "08"]
[TimeControl "180+1"]
[Date "2021.05.04"]
[WhiteClock "0:00:02"]
[BlackClock "0:00:30"]

1. e4 e6 2. d4 d5 3. e5 c5 4. c3 Nc6 5. Nf3 Bd7 6. a3 f6 7. exf6 Nxf6 8. g3 Bd6 9. Bd3 O-O 10. O-O e5 11. dxe5 Nxe5 12. Nxe5 Bxe5 13. Bg5 Qb6 14. Qc2 c4 15. Be2 Ne4 16. Be3 Qg6 17. f4 Nxg3 18. Qxg6 Nxe2+ 19. Kf2 hxg6 20. Kxe2 Bh3 21. Rf2 Bg4+ 22. Kd2 Bf6 23. Rg2 Bf5 24. a4 Rfe8 25. Na3 a6 26. Rag1 Rad8 27. Bb6 Rd6 28. a5 Rde6 29. Rf1 Bh3 30. Rgf2 Bxf1 31. Rxf1 Re2+ 32. Kc1 Rxh2 33. Nc2 Ree2 34. Nb4 Rd2 35. Rd1 Rxd1+ 36. Kxd1 Rxb2 37. Nxd5 Rb3 38. Nxf6+ gxf6 39. Kc2 g5 40. fxg5 fxg5 0-1


[Site "https://www.chess.com"]

[Event "Titled Tuesday Blitz May 4 2021"]
[White "Sevian, Samuel"]
[Black "Kalashian, David"]
[WhiteFideId "2040506"]
[BlackFideId "13302418"]
[WhiteElo "2932"]
[BlackElo "2490"]
[Result "1-0"]
[Round "08"]
[TimeControl "180+1"]
[Date "2021.05.04"]
[WhiteClock "0:02:08"]
[BlackClock "0:00:02"]

1. d4 Nf6 2. c4 e6 3. Nc3 Bb4 4. Bg5 c5 5. d5 h6 6. Bh4 b5 7. f3 bxc4 8. e4 exd5 9. exd5 O-O 10. Bxc4 d6 11. Ne2 Bf5 12. O-O Nbd7 13. Ng3 Bh7 14. Nge4 Bxc3 15. Nxc3 Re8 16. b3 a6 17. Rc1 Qa5 18. Kh1 Re3 19. Bf2 Rxc3 20. Qd2 Nxd5 21. Qxd5 Nb6 22. Qxf7+ Kh8 23. Be1 Nxc4 24. Bxc3 Ne5 25. Qxg7+ Kxg7 26. Bxa5 Rb8 27. Bc3 Re8 28. Rcd1 Re6 29. f4 1-0


[Site "https://www.chess.com"]

[Event "Titled Tuesday Blitz May 4 2021"]
[White "Shahinyan, David"]
[Black "Quirke, Jeffrey"]
[WhiteFideId "13304380"]
[BlackFideId "2013029"]
[WhiteElo "2372"]
[BlackElo "2251"]
[Result "1-0"]
[Round "08"]
[TimeControl "180+1"]
[Date "2021.05.04"]
[WhiteClock "0:00:53"]
[BlackClock "0:00:01"]

1. e4 c6 2. d4 d5 3. exd5 cxd5 4. Bd3 Nc6 5. c3 Qc7 6. Ne2 Bg4 7. O-O e6 8. Qe1 Nf6 9. f3 Bh5 10. Bg5 Bg6 11. Bxg6 hxg6 12. Qg3 Bd6 13. Bf4 Bxf4 14. Qxf4 Qxf4 15. Nxf4 O-O 16. Nd3 Nd7 17. Nd2 Rfc8 18. Rfe1 Na5 19. Kf2 Nc4 20. Nxc4 Rxc4 21. Ke2 Rac8 22. Kd2 b5 23. h4 a5 24. a3 R4c7 25. g4 Nb6 26. Nc5 Nc4+ 27. Kc2 a4 28. Re2 Rxc5 29. dxc5 Rxc5 30. Rh1 Rc6 31. Kd3 f6 32. h5 gxh5 33. gxh5 Ne5+ 34. Ke3 Kh7 35. f4 Nc4+ 36. Kd4 Kh6 37. Rg2 Nd6 38. Kd3 Nf5 39. Re1 Kh7 40. Rge2 Nd6 41. Rxe6 1-0


[Site "https://www.chess.com"]

[Event "Titled Tuesday Blitz May 4 2021"]
[White "Shankovskyi, Andrii"]
[Black "Donatti, Alvaro"]
[WhiteFideId "14121565"]
[BlackFideId "3000303"]
[WhiteElo "2269"]
[BlackElo "2138"]
[Result "0-1"]
[Round "08"]
[TimeControl "180+1"]
[Date "2021.05.04"]
[WhiteClock "0:00:02"]
[BlackClock "0:00:26"]

1. e4 c5 2. Nf3 e6 3. d4 cxd4 4. Nxd4 Bc5 5. Bc4 Qb6 6. c3 Nc6 7. O-O Nxd4 8. cxd4 Bxd4 9. Nc3 a6 10. Qg4 Ne7 11. Rd1 Bxf2+ 12. Kh1 O-O 13. Bh6 Ng6 14. Bd2 d5 15. Qe2 dxc4 16. Qxc4 Bd7 17. Bf4 Bc6 18. Na4 Bxa4 19. Qxa4 Nxf4 20. e5 Ng6 21. Rf1 Bd4 22. Rab1 Bxe5 23. Qc2 Qc7 24. Qd2 Bxh2 25. Rbc1 Qd6 26. Qxd6 Bxd6 27. Rfd1 Rfd8 28. Rc2 Be5 0-1


[Site "https://www.chess.com"]

[Event "Titled Tuesday Blitz May 4 2021"]
[White "Shapiro, David"]
[Black "Djordjevic, Vuk"]
[WhiteFideId "24133523"]
[BlackFideId "902098"]
[WhiteElo "2261"]
[BlackElo "2463"]
[Result "1-0"]
[Round "08"]
[TimeControl "180+1"]
[Date "2021.05.04"]
[WhiteClock "0:00:06"]
[BlackClock "0:00:03"]

1. d4 e6 2. c4 Nf6 3. Nf3 b6 4. g3 Ba6 5. b3 Bb4+ 6. Bd2 Be7 7. Bg2 c6 8. Bc3 d5 9. Ne5 Nfd7 10. Nxd7 Nxd7 11. Nd2 O-O 12. O-O Rc8 13. e4 b5 14. Rc1 c5 15. exd5 exd5 16. Re1 bxc4 17. bxc4 dxc4 18. d5 Bf6 19. Bxf6 Qxf6 20. Nxc4 Rce8 21. Rxe8 Rxe8 22. Qa4 Rd8 23. Na5 Nb6 24. Qa3 c4 25. Nc6 Re8 26. Qxa6 Qb2 27. Rf1 c3 28. Nd4 Qd2 29. Nb3 Qh6 30. Qxa7 Qf6 31. Qc7 Rc8 32. Qf4 Qg6 33. Qd4 h5 34. d6 Nd7 35. Bh3 f5 36. Qd5+ Qf7 37. Qxf7+ Kxf7 38. Bxf5 Rd8 39. Bxd7 Rxd7 40. Rc1 Rxd6 41. Rxc3 Ra6 42. Rc2 Kf6 43. Nc5 Ra3 44. Ne4+ Kf5 45. Nd2 Kg4 46. Kg2 Kf5 47. Nb1 Ra4 48. a3 Ra5 49. Ra2 Ke4 50. a4 Kd3 51. Nd2 Kc3 52. Ne4+ Kb3 53. Ra1 Kb2 54. Rd1 Rxa4 55. Ng5 Ra6 56. h4 Kc3 57. Rd7 g6 58. Rd6 Ra4 59. Rxg6 Kd4 60. Rh6 Ke5 61. Rxh5 Kf6 62. Nf3 Kg6 63. Rg5+ Kf6 64. Rb5 Ra3 65. Rb4 Kg6 66. Rf4 Kh5 67. Rf5+ Kg6 68. g4 Ra4 69. h5+ Kh6 70. Rf6+ Kg7 71. Rg6+ Kh7 72. Ng5+ Kh8 73. Nf7+ Kh7 74. Ng5+ Kh8 75. Rh6+ Kg7 76. Rh7+ Kf6 77. f4 Rxf4 78. Rf7+ Kxg5 79. Rxf4 Kh4 80. h6 Kg5 81. h7 Kg6 82. h8=Q Kg5 83. Qf6# 1-0


[Site "https://www.chess.com"]

[Event "Titled Tuesday Blitz May 4 2021"]
[White "Shipov, Sergei"]
[Black "Trent, Lawrence"]
[WhiteFideId "4113624"]
[BlackFideId "408638"]
[WhiteElo "2743"]
[BlackElo "2474"]
[Result "1-0"]
[Round "08"]
[TimeControl "180+1"]
[Date "2021.05.04"]
[WhiteClock "0:01:22"]
[BlackClock "0:00:17"]

1. d4 Nf6 2. c4 c5 3. d5 g6 4. Nc3 Bg7 5. e4 d6 6. h3 O-O 7. Bd3 e6 8. Bg5 exd5 9. cxd5 h6 10. Be3 b5 11. Nxb5 Re8 12. Nc3 Nbd7 13. Nf3 c4 14. Bc2 Rb8 15. Rb1 Qa5 16. O-O Nc5 17. Nd4 Bd7 18. Qf3 Rxb2 19. Rxb2 Qxc3 20. Rfb1 Nfxe4 21. Bxe4 Nxe4 22. Rc2 Qd3 23. Rd1 Qa3 24. Rxc4 Qxa2 25. Rc7 Nf6 26. Rdc1 Qxd5 27. Qxd5 Nxd5 28. Rxd7 Nxe3 29. fxe3 Rxe3 30. Nf3 Bf8 31. Rc8 Kg7 32. Rcc7 Kg8 33. Rxf7 d5 34. Rfd7 d4 35. Rxd4 1-0


[Site "https://www.chess.com"]

[Event "Titled Tuesday Blitz May 4 2021"]
[White "Shuvalov, Evgenij"]
[Black "Nitin, S."]
[WhiteFideId "4187237"]
[BlackFideId "5018277"]
[WhiteElo "2163"]
[BlackElo "2431"]
[Result "1/2-1/2"]
[Round "08"]
[TimeControl "180+1"]
[Date "2021.05.04"]
[WhiteClock "0:00:13"]
[BlackClock "0:01:01"]

1. Nf3 Nf6 2. c4 e6 3. g3 b6 4. Bg2 Bb7 5. O-O d5 6. cxd5 exd5 7. d4 Be7 8. Bf4 O-O 9. Nc3 a6 10. Qc2 c5 11. Rad1 Nbd7 12. Ne5 Rc8 13. Qf5 g6 14. Qh3 cxd4 15. Rxd4 Nxe5 16. Bxe5 Nd7 17. Bxd5 Nxe5 18. Bxf7+ Nxf7 19. Rxd8 Rfxd8 20. Qe6 Bc5 21. Ne4 Bxe4 22. Qxe4 Re8 23. Qb7 a5 24. e3 Rcd8 25. Qc6 Ne5 26. Qa4 Rf8 27. Rd1 Rde8 28. Kg2 Re7 29. h3 Ref7 30. f4 Bxe3 31. fxe5 Rf2+ 32. Kh1 Rxb2 33. Qc4+ Kh8 34. Rf1 Rd8 35. Qf7 Rbd2 36. Qf6+ Kg8 37. Qf7+ Kh8 38. Qf6+ Kg8 39. Qf7+ Kh8 1/2-1/2


[Site "https://www.chess.com"]

[Event "Titled Tuesday Blitz May 4 2021"]
[White "Shvedova, Alexandra"]
[Black "Zia, Tahsin Tajwar"]
[WhiteFideId "54154782"]
[BlackFideId "10211888"]
[WhiteElo "1887"]
[BlackElo "1678"]
[Result "1-0"]
[Round "08"]
[TimeControl "180+1"]
[Date "2021.05.04"]
[WhiteClock "0:01:28"]
[BlackClock "0:00:08"]

1. e4 c6 2. d4 d5 3. e5 Bf5 4. h4 h5 5. Bg5 Qb6 6. Bd3 Bxd3 7. Qxd3 Qa6 8. Qd2 e6 9. Ne2 Nd7 10. c3 Be7 11. Be3 Nh6 12. Ng3 Ng4 13. Bg5 Bxg5 14. hxg5 g6 15. f3 Ndxe5 16. dxe5 Nxe5 17. Na3 Nd3+ 18. Kd1 O-O-O 19. Kc2 Ne5 20. Rad1 Rd7 21. Kb1 Rhd8 22. Qf4 Nc4 23. Nxc4 dxc4 24. Rxd7 Rxd7 25. Ne4 Qb6 26. Nd6+ Kd8 27. Nxf7+ Ke7 28. Ne5 1-0


[Site "https://www.chess.com"]

[Event "Titled Tuesday Blitz May 4 2021"]
[White "Sieciechowicz, Marcin"]
[Black "Valle Maytin, Luis Enrique"]
[WhiteFideId "1130170"]
[BlackFideId "3503666"]
[WhiteElo "2288"]
[BlackElo "2317"]
[Result "1-0"]
[Round "08"]
[TimeControl "180+1"]
[Date "2021.05.04"]
[WhiteClock "0:00:11"]
[BlackClock "0:00:08"]

1. d4 d5 2. c4 c6 3. Nf3 Nf6 4. Nc3 e6 5. Bg5 Nbd7 6. e3 Qa5 7. Nd2 Bb4 8. Qc2 dxc4 9. Bxf6 Nxf6 10. Nxc4 Qd8 11. Bd3 b6 12. O-O Bb7 13. a3 Be7 14. b4 O-O 15. Ne4 h6 16. Ne5 Rc8 17. Rac1 c5 18. dxc5 Qd5 19. Nxf6+ gxf6 20. Nf3 bxc5 21. b5 Rfd8 22. Bc4 Qh5 23. Be2 Qg6 24. Qxg6+ fxg6 25. Rfd1 Kf7 26. Nd2 Rd7 27. Nc4 Rcd8 28. Rxd7 Rxd7 29. f3 Ke8 30. e4 Rc7 31. Kf2 Bc8 32. e5 Bd7 33. a4 fxe5 34. Bd3 g5 35. Nxe5 Bf6 36. Nc4 Bd4+ 37. Ke2 Ke7 38. Be4 e5 39. Rb1 Be6 40. Na5 Kd6 41. Nc6 c4 42. a5 c3 43. b6 axb6 44. axb6 Rxc6 45. b7 Bc4+ 46. Ke1 Ba7 47. Bxc6 Kxc6 48. b8=Q Bxb8 49. Rxb8 c2 50. Kd2 Bd3 51. Rh8 Kd5 52. Rxh6 e4 53. fxe4+ Bxe4 54. g3 Ke5 55. Rh8 Kf5 56. Re8 g4 57. Re7 Bf3 58. Kxc2 Kf6 59. Re3 Bg2 60. Kc3 Bh3 61. Kd4 Kf5 62. Re5+ Kf6 63. Ke4 Bg2+ 64. Kf4 Bh3 65. Rg5 Ke6 66. Rxg4 Kf6 67. Rg5 Ke6 68. g4 Bg2 69. Rf5 Ke7 70. h4 Bh3 71. h5 Bxg4 72. Kxg4 1-0


[Site "https://www.chess.com"]

[Event "Titled Tuesday Blitz May 4 2021"]
[White "Simonovic, Miroslav"]
[Black "Borawski, Jakub"]
[WhiteFideId "919152"]
[BlackFideId "1143000"]
[WhiteElo "2043"]
[BlackElo "2020"]
[Result "1-0"]
[Round "08"]
[TimeControl "180+1"]
[Date "2021.05.04"]
[WhiteClock "0:00:05"]
[BlackClock "0:01:05"]

1. d4 Nf6 2. Bg5 e6 3. e4 h6 4. Bxf6 Qxf6 5. e5 Qd8 6. f4 d6 7. Nf3 c5 8. dxc5 Qa5+ 9. c3 Qxc5 10. Qd4 dxe5 11. Qxe5 Nc6 12. Qxc5 Bxc5 13. Nbd2 O-O 14. Nb3 Bb6 15. g3 e5 16. fxe5 Bg4 17. Bg2 Bxf3 18. Bxf3 Nxe5 19. Bxb7 Nd3+ 20. Kd2 Rad8 21. Kc2 Ne5 22. Rad1 Ng4 23. Rxd8 Rxd8 24. Bf3 Ne3+ 25. Kc1 g6 26. Be2 Kg7 27. Re1 Re8 28. Bb5 Rd8 29. Nd4 Bxd4 30. cxd4 Nf5 31. Bd3 Nxd4 32. Re7 a6 33. Bc4 Rc8 34. b3 Ne6 35. Kb2 Rc6 36. Ra7 Kf6 37. Rxa6 Rc5 38. Bxe6 fxe6 39. Rd6 h5 40. b4 Rf5 41. Rd2 Kg5 42. Kb3 Kg4 43. a4 Kh3 44. b5 g5 45. b6 Rf7 46. Kb4 e5 47. Kb5 e4 48. a5 e3 49. Re2 Rf5+ 50. Ka6 Rf6 51. Ka7 h4 52. gxh4 gxh4 53. Rxe3+ Kxh2 54. b7 Rf7 55. a6 Kg2 56. Ka8 Kf2 57. Re5 Rf8+ 58. b8=Q Rxb8+ 59. Kxb8 h3 60. Rh5 Kg2 61. Rxh3 Kxh3 62. a7 1-0


[Site "https://www.chess.com"]

[Event "Titled Tuesday Blitz May 4 2021"]
[White "Skatchkov, Pavel"]
[Black "Gritsenko, Nikolai"]
[WhiteFideId "4121848"]
[BlackFideId "14112493"]
[WhiteElo "2476"]
[BlackElo "2389"]
[Result "0-1"]
[Round "08"]
[TimeControl "180+1"]
[Date "2021.05.04"]
[WhiteClock "0:01:47"]
[BlackClock "0:00:06"]

1. d4 d5 2. c4 Nc6 3. Nf3 Bg4 4. Nc3 e6 5. cxd5 exd5 6. Bf4 Bd6 7. Nxd5 Bxf4 8. Nxf4 Bxf3 9. gxf3 Qxd4 10. Qxd4 Nxd4 11. O-O-O Rd8 12. e3 Ne6 13. Nxe6 Rxd1+ 14. Kxd1 fxe6 15. Bc4 Ke7 16. Rg1 g6 17. Rg5 Nf6 18. Ke2 Rd8 19. h4 Rd6 20. Rc5 c6 21. Ra5 a6 22. Re5 Nd7 23. Rg5 Nf6 24. f4 b5 25. Bb3 Rd7 26. Re5 Rd6 27. Kf3 Nd7 28. Re4 c5 29. Ke2 c4 30. Bc2 Kf6 31. a4 Rd5 32. axb5 axb5 33. b3 Nc5 34. bxc4 Nxe4 35. cxd5 exd5 36. Bb3 Ke6 37. f3 Nc5 38. Ba2 Kd6 39. Kd2 b4 40. Kc2 Kc6 41. Kb2 Kd6 42. Bb3 Nxb3 43. Kxb3 Kc5 44. e4 d4 45. f5 gxf5 46. exf5 d3 47. f6 Kd6 48. Kc4 d2 0-1


[Site "https://www.chess.com"]

[Event "Titled Tuesday Blitz May 4 2021"]
[White "Skoberne, Jure"]
[Black "Iskusnyh, Sergei"]
[WhiteFideId "14604299"]
[BlackFideId "4120027"]
[WhiteElo "2559"]
[BlackElo "2492"]
[Result "0-1"]
[Round "08"]
[TimeControl "180+1"]
[Date "2021.05.04"]
[WhiteClock "0:00:02"]
[BlackClock "0:00:07"]

1. d4 d5 2. Bf4 Nf6 3. e3 c5 4. Nd2 Nc6 5. Ngf3 cxd4 6. exd4 Bg4 7. c3 e6 8. Be2 Be7 9. h3 Bh5 10. Ne5 Bxe2 11. Qxe2 O-O 12. O-O Nd7 13. Nd3 Bg5 14. Bxg5 Qxg5 15. f4 Qe7 16. f5 exf5 17. Qf3 Nf6 18. Rae1 Qd6 19. Qxf5 Rae8 20. Ne5 Re6 21. Ndf3 Ne4 22. Rxe4 dxe4 23. Ng5 g6 24. Qxe4 Nxe5 25. Nxe6 Qxe6 26. dxe5 b6 27. a4 Re8 28. Qf4 Re7 29. Re1 f6 30. Rf1 Qxe5 31. Qxf6 Qxf6 32. Rxf6 Kg7 33. Rf4 Re2 34. Rb4 Kf7 35. a5 bxa5 36. Rb7+ Kf6 37. Rxa7 Rxb2 38. Rxa5 Rc2 39. Rc5 h5 40. h4 Ke6 41. Kh2 Kf6 42. Kg3 Ke6 43. Kf3 Kf6 44. g3 Rd2 45. Rc6+ Kf5 46. Rc5+ Kf6 47. Ke4 Rg2 48. Rc6+ Kg7 49. Kf3 Rc2 50. c4 Kf7 51. Kf4 Rc3 52. Rc8 Kf6 53. Rc6+ Kf7 54. Rc8 Kf6 55. Rc7 Ke6 56. c5 Kf6 57. Rc6+ Kf7 58. g4 Rc4+ 59. Ke5 hxg4 60. Kd5 Rc1 61. Rc7+ Kf6 62. Ra7 g3 63. Ra2 Kf5 64. Rg2 Rd1+ 65. Kc4 Kg4 66. c6 Rc1+ 67. Kd5 Kh3 68. Rd2 g2 69. Rxg2 Kxg2 0-1


[Site "https://www.chess.com"]

[Event "Titled Tuesday Blitz May 4 2021"]
[White "Smietanska, Wiktoria"]
[Black "Mayaud, Raphael"]
[WhiteFideId "21869359"]
[BlackFideId "627151"]
[WhiteElo "1780"]
[BlackElo "2191"]
[Result "0-1"]
[Round "08"]
[TimeControl "180+1"]
[Date "2021.05.04"]
[WhiteClock "0:00:01"]
[BlackClock "0:00:07"]

1. e4 d5 2. exd5 Qxd5 3. Nc3 Qa5 4. d4 c6 5. Nf3 Nf6 6. Bd3 Bg4 7. O-O e6 8. h3 Bh5 9. Bf4 Be7 10. Ne4 Nxe4 11. Bxe4 O-O 12. c4 Nd7 13. Bxh7+ Kxh7 14. Ng5+ Kg6 15. Qd3+ Qf5 16. Ne4 Qxf4 17. Nc5+ Qf5 18. Qg3+ Qg5 19. Qd3+ Qf5 20. Qg3+ Kh7 21. Nxd7 Rfd8 22. Ne5 Rxd4 23. Rfe1 Rad8 24. Qe3 Bg6 25. g4 Qc2 26. b3 Bf6 27. Nxg6 Kxg6 28. h4 Qd3 29. h5+ Kh7 30. f3 Qxe3+ 31. Rxe3 Bg5 32. Rc3 Rd2 33. Re1 Bf6 34. Rcc1 c5 35. f4 Bd4+ 36. Kh1 Rxa2 37. g5 Bf2 38. Red1 Rdd2 39. Rxd2 Rxd2 40. Kg2 Be3+ 41. Kf3 Bd4 42. Rb1 Rd3+ 43. Kg4 a5 44. f5 exf5+ 45. Kxf5 Rh3 46. g6+ fxg6+ 47. hxg6+ Kh6 48. Rf1 Rh2 49. Re1 Rf2+ 50. Kg4 Kxg6 51. Re6+ Rf6 52. Re7 Rf7 53. Re6+ Rf6 54. Re7 b6 55. Rb7 Kh6 56. Ra7 g6 57. Ra8 Kg7 58. Ra7+ Rf7 59. Ra8 Re7 60. Rb8 Re6 61. Kg5 Re5+ 62. Kg4 Re6 63. Rb7+ Kf6 64. Kf4 g5+ 65. Kg4 Kg6 66. Rb8 Re4+ 67. Kf3 Re6 68. Kg4 Bf6 69. Rg8+ Kf7 70. Rb8 Re4+ 71. Kf5 Re5+ 0-1


[Site "https://www.chess.com"]

[Event "Titled Tuesday Blitz May 4 2021"]
[White "Sokolov, Andrey M."]
[Black "Kabanov, Nikolai"]
[WhiteFideId "4171438"]
[BlackFideId "4127820"]
[WhiteElo "2349"]
[BlackElo "2376"]
[Result "0-1"]
[Round "08"]
[TimeControl "180+1"]
[Date "2021.05.04"]
[WhiteClock "0:00:06"]
[BlackClock "0:00:18"]

1. d4 Nf6 2. Nf3 e6 3. Bf4 b6 4. e3 Bb7 5. Nbd2 c5 6. c3 d5 7. Bd3 Bd6 8. Ne5 Bxe5 9. dxe5 Nfd7 10. Qg4 g6 11. h4 h5 12. Qg3 Qc7 13. Nf3 Nc6 14. O-O O-O-O 15. a3 Ne7 16. Bg5 Rde8 17. b4 c4 18. Bc2 Nf5 19. Bxf5 exf5 20. Bf4 Qd8 21. Nd4 a6 22. b5 a5 23. Nc6 Bxc6 24. bxc6 Nc5 25. Bg5 Qc7 26. Bf6 Rhg8 27. f3 Qxc6 28. e6 Rxe6 29. Bd4 Rge8 30. Rf2 Nb3 31. Rb1 Qc7 32. f4 Re4 33. Rfb2 a4 34. Qf2 Qd6 35. Qg3 Kb7 36. Qg5 Qxa3 37. Qf6 R4e6 38. Qxf7+ Qe7 39. Qxe7+ R8xe7 40. Be5 b5 41. Rd1 Kc6 42. Rd4 Rxe5 43. fxe5 Rxe5 44. Rd1 Rxe3 45. Kf2 Rxc3 46. Re2 a3 47. Re6+ Kc5 48. Rxg6 a2 49. Ra6 a1=Q 50. Raxa1 Nxa1 51. Rxa1 d4 52. Ke2 d3+ 53. Kd2 Rc2+ 54. Ke3 Rxg2 55. Rf1 Re2+ 56. Kf4 d2 57. Kxf5 Re1 0-1


[Site "https://www.chess.com"]

[Event "Titled Tuesday Blitz May 4 2021"]
[White "Srihari L R"]
[Black "Demin, Vladimir"]
[WhiteFideId "46617116"]
[BlackFideId "4167457"]
[WhiteElo "2121"]
[BlackElo "2491"]
[Result "1/2-1/2"]
[Round "08"]
[TimeControl "180+1"]
[Date "2021.05.04"]
[WhiteClock "0:01:19"]
[BlackClock "0:02:09"]

1. d4 Nf6 2. Bg5 e6 3. Nd2 d5 4. e3 Be7 5. Bd3 O-O 6. Ngf3 b6 7. Ne5 Bb7 8. f4 Nbd7 9. Qf3 h6 10. Bh4 Nxe5 11. fxe5 Nd7 12. Bxe7 Qxe7 13. O-O f5 14. exf6 Rxf6 15. Qg3 Qd6 16. Qxd6 cxd6 17. Rxf6 Nxf6 18. Rf1 e5 19. c3 Re8 20. Bg6 Re7 21. h3 exd4 22. exd4 Re2 23. Rf2 Re1+ 24. Rf1 Re2 25. Rf2 Re1+ 26. Rf1 Re2 1/2-1/2


[Site "https://www.chess.com"]

[Event "Titled Tuesday Blitz May 4 2021"]
[White "Srisshhhtea"]
[Black "Arias, Juan Cruz"]
[BlackFideId "118540"]
[WhiteElo "2383"]
[BlackElo "2083"]
[Result "0-1"]
[Round "08"]
[TimeControl "180+1"]
[Date "2021.05.04"]
[WhiteClock "0:00:53"]
[BlackClock "0:00:40"]

1. d4 Nf6 2. c4 e6 3. Nf3 Bb4+ 4. Bd2 Qe7 5. g3 Nc6 6. Bg2 Bxd2+ 7. Nbxd2 d6 8. e4 a5 9. O-O e5 10. d5 Nb8 11. Ne1 O-O 12. Nd3 Bg4 13. f3 Bd7 14. Qc2 Na6 15. Rae1 Nb4 16. Qb1 c6 17. a3 Na6 18. f4 Rfe8 19. fxe5 dxe5 20. Nf3 Qd6 21. b4 axb4 22. axb4 cxd5 23. cxd5 Bb5 24. Rf2 Qb6 25. Ndxe5 Rac8 26. h3 Rc3 27. g4 Rec8 28. Bf1 Rc2 29. Re2 Bxe2 30. Bxe2 Rc1+ 31. Qxc1 Rxc1+ 32. Kg2 Nxe4 33. Rf1 Rxf1 34. Bxf1 Qf2+ 35. Kh1 Ng3# 0-1


[Site "https://www.chess.com"]

[Event "Titled Tuesday Blitz May 4 2021"]
[White "Steil-Antoni, Fiona"]
[Black "Mayeregger, Arnold"]
[WhiteFideId "4001249"]
[BlackFideId "3705226"]
[WhiteElo "2059"]
[BlackElo "1567"]
[Result "1-0"]
[Round "08"]
[TimeControl "180+1"]
[Date "2021.05.04"]
[WhiteClock "0:00:07"]
[BlackClock "0:01:00"]

1. e4 c5 2. Nc3 e6 3. f4 d6 4. Nf3 Nf6 5. Bc4 d5 6. exd5 exd5 7. Bb3 Be7 8. O-O O-O 9. d3 Nc6 10. a3 Bf5 11. Ne2 Re8 12. Ng3 Bg4 13. h3 Bxf3 14. Qxf3 Nd4 15. Qf2 Nxb3 16. cxb3 Qb6 17. Nf5 Bf8 18. Qg3 g6 19. Qg5 Kh8 20. Nh6 Kg7 21. Nf5+ Kg8 22. Nh6+ Bxh6 23. Qxh6 c4+ 24. Kh2 cxd3 25. f5 Ne4 26. Be3 d2 27. Bxb6 axb6 28. f6 Nxf6 29. Rxf6 Re1 30. Rf1 Rae8 31. Qxd2 R1e2 32. Qd4 R8e6 33. Qxd5 Rxb2 34. Rae1 Rbe2 35. Rxe2 Rxe2 36. Qxf7+ Kh8 37. Rd1 Re8 38. Rd7 Re7 39. Rxe7 h6 40. Qg7# 1-0


[Site "https://www.chess.com"]

[Event "Titled Tuesday Blitz May 4 2021"]
[White "Svane, Rasmus"]
[Black "Quintiliano Pinto, Renato R."]
[WhiteFideId "4657101"]
[BlackFideId "2117568"]
[WhiteElo "2669"]
[BlackElo "2439"]
[Result "0-1"]
[Round "08"]
[TimeControl "180+1"]
[Date "2021.05.04"]
[WhiteClock "0:00:03"]
[BlackClock "0:00:26"]

1. Nf3 Nf6 2. g3 e6 3. Bg2 d5 4. O-O Be7 5. c4 O-O 6. b3 c5 7. cxd5 exd5 8. d4 Nc6 9. Bb2 Ne4 10. Nc3 Bf6 11. Na4 b6 12. Rc1 Ba6 13. dxc5 Bxb2 14. Nxb2 bxc5 15. Na4 Re8 16. Re1 c4 17. Nd2 Qa5 18. Nxe4 dxe4 19. Qc2 Nd4 20. Qb2 Rad8 21. Rcd1 cxb3 22. axb3 Nxe2+ 23. Kh1 Rxd1 24. Rxd1 h6 25. Qd2 Qxd2 26. Rxd2 e3 27. fxe3 Rxe3 28. Nc5 Bb5 29. Be4 g6 30. Kg2 Rc3 31. b4 Nc1 32. Rd8+ Kg7 33. Rb8 Bc4 34. Rb7 Nb3 35. Rxa7 Nxc5 36. bxc5 Bd3 37. Bd5 Rxc5 38. Rxf7+ Kh8 39. Rd7 Rxd5 40. Re7 Bf5 41. h4 Rd7 42. Re5 h5 43. Kf3 Kg7 44. Ra5 Re7 45. Ra6 Re6 46. Ra7+ Kf6 47. Kf4 Re4+ 48. Kf3 Re6 49. Kf4 Rc6 50. Kf3 Rc3+ 51. Kf4 Rc4+ 52. Kf3 Bg4+ 53. Ke3 Rc3+ 54. Kf2 Rc2+ 55. Ke3 Re2+ 56. Kf4 Re6 57. Ra5 Rd6 58. Rc5 Rd4+ 59. Ke3 Ra4 60. Rb5 Be6 61. Rc5 Ra3+ 62. Kf2 Ke7 63. Rg5 Bf5 64. Kg2 Kf6 65. Kf2 Ra4 66. Kf3 Rg4 67. Rxg4 Bxg4+ 68. Kf4 Bd1 69. Ke3 Kf5 70. Kf2 Kg4 71. Kg2 Ba4 72. Kh2 Bc6 73. Kg1 Kxg3 0-1


[Site "https://www.chess.com"]

[Event "Titled Tuesday Blitz May 4 2021"]
[White "Sztokbant, Bernardo Vainzoff"]
[Black "Alfaro, William"]
[WhiteFideId "2115956"]
[BlackFideId "6100457"]
[WhiteElo "2264"]
[BlackElo "2074"]
[Result "1-0"]
[Round "08"]
[TimeControl "180+1"]
[Date "2021.05.04"]
[WhiteClock "0:00:05"]
[BlackClock "0:00:01"]

1. d4 d5 2. c4 e6 3. Nc3 a6 4. cxd5 exd5 5. Bf4 Nf6 6. e3 Bd6 7. Bxd6 Qxd6 8. Bd3 Bg4 9. Qc2 O-O 10. h3 Bh5 11. Nge2 Bxe2 12. Nxe2 Nbd7 13. O-O Rfe8 14. Rac1 c6 15. Ng3 g6 16. b4 Re7 17. Rb1 Rae8 18. a4 Ne4 19. Bxe4 dxe4 20. Rfd1 Nb6 21. b5 cxb5 22. axb5 a5 23. Qc5 Rd7 24. Rdc1 Nd5 25. b6 f5 26. Ne2 Qxc5 27. dxc5 a4 28. Nd4 Ra8 29. c6 bxc6 30. Nxc6 Rb7 31. Rb5 Nxb6 32. Rcb1 a3 33. Nb4 a2 34. Nxa2 Rxa2 35. Rxb6 Rxb6 36. Rxb6 Ra7 37. Kh2 Rd7 38. Kg3 Kg7 39. Kf4 Rd2 40. Kg3 Rd7 41. h4 h6 42. Rb2 Rf7 43. Kf4 Kf6 44. Rb6+ Kg7 45. Rc6 Rf8 46. Rc7+ Rf7 47. Rxf7+ Kxf7 48. h5 Kf6 49. hxg6 Kxg6 50. g4 fxg4 51. Kxg4 h5+ 52. Kf4 Kh6 53. Kxe4 Kg5 54. Kf3 Kf5 55. Kg3 Ke4 56. Kh4 1-0


[Site "https://www.chess.com"]

[Event "Titled Tuesday Blitz May 4 2021"]
[White "Tejedor Fuente, Enrique"]
[Black "Shahinyan, David"]
[WhiteFideId "2299100"]
[BlackFideId "13304380"]
[WhiteElo "2535"]
[BlackElo "2372"]
[Result "0-1"]
[Round "08"]
[TimeControl "180+1"]
[Date "2021.05.04"]
[WhiteClock "0:00:01"]
[BlackClock "0:00:24"]

1. e4 d6 2. d4 Nf6 3. Nc3 e5 4. Nf3 Nbd7 5. Bc4 Be7 6. Ng5 O-O 7. Bxf7+ Rxf7 8. Ne6 Qe8 9. Nxc7 Qd8 10. Nxa8 b6 11. Nb5 Bb7 12. Nac7 Nxe4 13. O-O a6 14. Ne6 Qc8 15. Na3 h6 16. dxe5 dxe5 17. c4 Ndf6 18. f3 Nd6 19. c5 bxc5 20. Nxg7 Kxg7 21. Qc2 c4 22. Be3 e4 23. fxe4 Bxe4 24. Qc3 Qc6 25. Rf2 Nb5 26. Nxb5 axb5 27. Bd4 b4 28. Qg3+ Kh7 29. Raf1 Rg7 30. Qh3 Rg6 31. Bxf6 Bxf6 32. Qe3 Bxg2 0-1


[Site "https://www.chess.com"]

[Event "Titled Tuesday Blitz May 4 2021"]
[White "Tikhonov, Viacheslav"]
[Black "Real De Azua, Ernesto"]
[WhiteFideId "44196407"]
[BlackFideId "108154"]
[WhiteElo "1773"]
[BlackElo "2476"]
[Result "1-0"]
[Round "08"]
[TimeControl "180+1"]
[Date "2021.05.04"]
[WhiteClock "0:00:12"]
[BlackClock "0:00:04"]

1. d4 Nf6 2. c4 e6 3. Nc3 Bb4 4. e3 O-O 5. Bd2 b6 6. Nf3 Bb7 7. Bd3 d5 8. cxd5 exd5 9. O-O a6 10. Ne5 Bd6 11. f4 c5 12. Be1 Ne4 13. Qf3 f5 14. Rd1 c4 15. Bb1 b5 16. g4 b4 17. Nxe4 fxe4 18. Qh3 Nc6 19. Bh4 Qc7 20. Bc2 Be7 21. Ba4 Bxh4 22. Qxh4 Ne7 23. Bd7 Rf6 24. g5 Rd6 25. Bh3 Ng6 26. Qh5 Rb6 27. Bf5 Nf8 28. g6 h6 29. Rf2 Bc8 30. Rg2 Bxf5 31. Qxf5 Rf6 32. Qh5 c3 33. Ng4 Rxg6 34. Nxh6+ gxh6 35. Rxg6+ Nxg6 36. Qxd5+ Kh7 37. Qxa8 cxb2 38. Qxe4 Kg7 39. d5 Qc3 40. Qd4+ Qxd4 41. exd4 Nxf4 42. Rb1 Nd3 43. Kf1 a5 44. Ke2 Nc1+ 45. Ke3 Nxa2 46. Rxb2 Nc3 47. Kf4 Kf6 48. d6 Ke6 49. Rg2 Kxd6 50. Rg6+ Kd5 51. Rxh6 a4 52. Ke3 a3 53. Kd3 Na4 54. Rh5+ Kc6 55. Ra5 Nb2+ 56. Kc2 Nc4 57. Ra8 Kb5 58. d5 Na5 59. d6 b3+ 60. Kc3 a2 61. Kb2 Kb4 62. Rxa5 Kxa5 63. d7 1-0


[Site "https://www.chess.com"]